 Dungeon Crawl Stone Soup version 0.15-a0-1002-gecfd64c (webtiles) character file.

100 ChumbleSpuzz the Sneak (level 4, -7/21 HPs)
             Began as a Felid Monk on May 24, 2014.
             Killed by divine providence
             ... invoked by an orc priest
              (12 damage)
             ... on Level 3 of the Dungeon.
             The game lasted 00:14:05 (3472 turns).

ChumbleSpuzz the Sneak (Felid Monk)                 Turns: 3472, Time: 00:14:06

HP  -7/21        AC  1     Str  8      XL: 4   Next: 46%
MP   7/7         EV 21     Int 11      God:
Gold 107         SH  0     Dex 18      Spells:  0 memorised,  3 levels left
Lives: 0, deaths: 1

rFire  . . .     SeeInvis +       - Unarmed
rCold  . . .     Clarity  .     (armour unavailable)
rNeg   . . .     Conserve .     (shield unavailable)
rPois  .         rCorr    .     (helmet unavailable)
rElec  .         rRot     .     (cloak unavailable)
SustAb .         Spirit   .     (gloves unavailable)
rMut   .         Warding  .     (boots unavailable)
Gourm  .         Stasis   .     (no amulet)
MR     .....                    (no ring)
                                (no ring)

@: quick, not resistant to hostile enchantments, stealthy
A: paw claws, no armour, no weapons or thrown items, fangs 3, see invisible,
carnivore 3, speed 1, shaggy fur 1, slow metabolism 1, jump 1
a: Jump Attack


You were on level 3 of the Dungeon.
You were not hungry.

You visited 1 branch of the dungeon, and saw 4 of its levels.

You collected 107 gold pieces.

Inventory:

Missiles
 e - 6 curare-tipped needles
Magical devices
 a - a wand of slowing (8)
 o - a wand of frost (13) {unknown}
Comestibles
 b - a meat ration
Scrolls
 g - a scroll of fog {unknown}
 h - a scroll of fear {unknown}
 i - a scroll of enchant weapon II {unknown}
 k - a scroll of enchant weapon I {unknown}
 m - a scroll of noise {unknown}
 n - a scroll of teleportation {unknown}
Jewellery
 j - an uncursed amulet of the gourmand {unknown}
 l - an uncursed ring of magical power
Potions
 c - a potion of restore abilities {unknown}
 d - a potion of paralysis {unknown}
 f - 2 potions of heal wounds
 p - a potion of might {unknown}
 q - 2 potions of haste


   Skills:
 * Level 3.0 Fighting
 - Level 5.0 Dodging
 - Level 6.0 Stealth
 + Level 3.0 Unarmed Combat
 + Level 0.0 Evocations


You had 3 spell levels left.
You didn't know any spells.

Dungeon Overview and Level Annotations

Branches:
Dungeon (4/15)
 Temple: D:4-7

Altars:
Dithmenos
Okawaru
Qazlal

Annotations:
D:3 Sigmund; avis' ghost, average DrTm


Innate Abilities, Weirdness & Mutations

You cannot wear armour.
You are incapable of wielding weapons or throwing items.
Your paws have sharp claws.
You have razor-sharp teeth.
You have supernaturally acute eyesight.
You are carnivorous and can eat meat at any time.
You cover ground quickly.
You are covered in fur (AC +1).
You have a slow metabolism.
You can jump attack at a short distance.


Message History

The orc begins to bleed from its wounds!
The orc is heavily wounded.
You closely miss the orc.
The orc is heavily wounded.
The orc misses you. x2
The orc priest prays to Beogh.
You feel a wave of unholy energy pass over you.
You closely miss the orc. You bite the orc.
The orc is almost dead.
The orc hits you with a mace. The orc hits you with a flail.
* * * LOW HITPOINT WARNING * * *
The orc priest looks braver.
A jackal comes into view.
You scratch the orc but do no damage.
The orc is almost dead.
The orc misses you.
The orc priest invokes the aid of Beogh against you.
Something smites you!
Ouch! That really hurt!
You die...

###########.≈.#≈≈≈
...............###≈
#####.........[.≈≈
#..#########............)≈
#.>....%...............)..
#..#########.########..###
#.# #.##
#..#########.########.#
#.h......@o............
#.##.#####o#.##########
#<..#o#.# #...#o#+###
#...#.....# #.).+.....#
...?#.....# ?.###g....#
..# #.....#


You could see an orc priest, 3 orcs, a jackal and a hobgoblin.

Vanquished Creatures
  A worker ant (D:4)
  Terence (D:2)
  2 adders
  An inept item mimic (D:3)
  A worm (D:3)
  3 giant geckos
  5 orcs (D:4)
  7 bats
  8 hobgoblins
  9 jackals
  11 kobolds
  2 quokkas (D:2)
  2 ball pythons (D:1)
  3 giant newts
  9 goblins
  8 rats
73 creatures vanquished.

Notes
Turn   | Place    | Note
--------------------------------------------------------------
     0 | D:1      | ChumbleSpuzz, the Felid Monk, began the quest for the Orb.
     0 | D:1      | Reached XP level 1. HP: 9/9 MP: 2/2
   151 | D:1      | Reached XP level 2. HP: 10/13 MP: 3/3
   632 | D:1      | Reached XP level 3. HP: 14/17 MP: 5/5
  1304 | D:2      | Reached skill level 5 in Dodging
  1335 | D:2      | Reached XP level 4. HP: 16/21 MP: 7/7
  1705 | D:2      | Noticed Terence
  2109 | D:3      | Noticed avis' ghost (average DrTm)
  2208 | D:2      | Killed Terence
  2371 | D:3      | Found a stormy altar of Qazlal.
  2389 | D:3      | Asphyxiated
  2390 | D:3      | Reached XP level 3. HP: 0/17 MP: 5/5
  2401 | D:3      | Noticed Sigmund
  2720 | D:4      | Found a shadowy altar of Dithmenos.
  2721 | D:4      | Found a stormy altar of Qazlal.
  2722 | D:4      | Found an iron altar of Okawaru.
  2738 | D:4      | Reached skill level 5 in Stealth
  2738 | D:4      | Reached XP level 4. HP: 18/21 MP: 7/7
  3326 | D:3      | Reached skill level 6 in Stealth
  3472 | D:3      | Killed from afar by an orc priest

Action                   |  1- 3 |  4- 6 || total
-------------------------+-------+-------++-------
Melee: Unarmed           |   185 |    91 ||   276
 Abil: Jump Attack       |       |     1 ||     1
Evoke: Wand              |       |     1 ||     1
  Use: Potion            |     4 |     3 ||     7
       Scroll            |     1 |     1 ||     2
 Stab: Sleeping          |     6 |     4 ||    10
       Invisible         |     1 |       ||     1
       Distracted        |       |     1 ||     1
